 Dungeon Crawl Stone Soup version 0.30-a0-824-g6c64550be9 (webtiles) character file.

Game seed: 9304454404379504363

927 Nacht the Covert (level 8, -5/62 HPs)
             Began as a Naga Earth Elementalist on Feb 27, 2023.
             Slain by an orc
             ... wielding a +0 war axe
              (8 damage)
             ... on level 4 of the Dungeon.
             The game lasted 00:05:51 (3304 turns).

Nacht the Covert (Naga Earth Elementalist)          Turns: 3304, Time: 00:05:52

Health: -5/62      AC:  5    Str: 11    XL:     8   Next: 10%
Magic:  1/11       EV:  9    Int: 18    God:
Gold:   230        SH:  0    Dex: 11    Spells: 5/11 levels left

rFire   . . .      SeeInvis +    g - +3 dagger
rCold   . . .      Faith    .    (no shield)
rNeg    . . .      Spirit   .    a - +0 robe
rPois   +          Reflect  .    (no helmet)
rElec   .          Harm     .    (no cloak)
rCorr   .          Rampage  .    b - +1 pair of gloves
Will    +....                    (no barding)
Stlth   ++++                     (no amulet)
HPRegen 0.30/turn                (no ring)
MPRegen 0.12/turn                (no ring)

@: very slow
A: AC +2, large, see invisible, deformed body, poison resistance, slowness 2,
spit poison 1, naga tail 1
a: Spit Poison


You were on level 4 of the Dungeon.
You visited 1 branch of the dungeon, and saw 4 of its levels.
You also visited: Sewer.

You collected 230 gold pieces.

Inventory:

Hand Weapons
 g - a +3 dagger (weapon)
Missiles
 l - 7 poisoned darts (quivered)
Armour
 a - a +0 robe (worn)
 b - a +1 pair of gloves (worn)
Jewellery
 o - a ring of positive energy
Scrolls
 c - a scroll of fear {unknown}
 e - 2 scrolls of enchant weapon
 f - 4 scrolls of teleportation
 i - a scroll of immolation {unknown}
 k - 2 scrolls of enchant armour
 n - a scroll of vulnerability {unknown}
 q - a scroll of butterflies {unknown}
Potions
 d - 2 potions of might {unknown}
 m - a potion of brilliance
 p - a potion of ambrosia
 r - a potion of magic


   Skills:
 - Level 1.5 Dodging
 + Level 8.5 Stealth
 - Level 2.0 Spellcasting
 - Level 2.0 Conjurations
 - Level 1.0 Transmutations
 * Level 7.7 Earth Magic


You had 5 spell levels left.
You knew the following spells:

 Your Spells              Type           Power      Damage    Failure   Level
a - Sandblast             Erth           58%        2d13      1%          1
b - Stone Arrow           Conj/Erth      38%        3d9       8%          3
w - Passwall              Tmut/Erth      14%        N/A       4%          2

Your spell library contained the following spells:

 Spells                   Type           Power      Damage    Failure   Level
 Petrify                  Tmut/Erth      17%        N/A       30%         4


Dungeon Overview and Level Annotations

Branches:
Dungeon (4/15)              Sewer (visited)
 Temple: D:4-7

Altars:
Dithmenos


Innate Abilities, Weirdness & Mutations

Your serpentine skin is tough. (AC +2)
You have supernaturally acute eyesight. (SInv)
Armour fits poorly on your strangely shaped body.
Your system is resistant to poisons. (rPois)
You cover ground very slowly.
You can spit poison.
You have a snake-like lower body.


Message History

The orc warrior is poisoned.
The orc warrior is severely wounded.
The orc warrior barely misses you.
You hit the orc warrior but do no damage.
The orc warrior is severely wounded.
The orc warrior closely misses you.
Throw: 9 darts (poison)
Press: ? - help, Q - select action, (/) - cycle Shift-Dir - straight line, f/p - orc warrior
Aim: an orc warrior, wielding a +0 halberd and wearing a +0 plate armour (severely wounded, poisoned, 54% to hit)
You throw a poisoned dart. The poisoned dart hits the orc warrior.
The orc warrior looks even sicker.
The orc warrior is severely wounded.
The orc warrior hits you with a +0 halberd!
* * * LOW HITPOINT WARNING * * *
Throw: 8 darts (poison)
Press: ? - help, Q - select action, (/) - cycle Shift-Dir - straight line, f/p - orc warrior
Aim: an orc warrior, wielding a +0 halberd and wearing a +0 plate armour (severely wounded, very poisoned, 54% to hit)
You throw a poisoned dart.
The poisoned dart closely misses the orc warrior.
The orc warrior closely misses you.
You feel better.
The orc warrior hits you with a +0 halberd!
* * * LOW HITPOINT WARNING * * *
You feel better.
You have got your breath back.
The orc warrior attacks as you move away!
The orc warrior hits you with a +0 halberd!
* * * LOW HITPOINT WARNING * * *
The orc warrior barely misses you.
You kill the orc warrior!
You have reached level 8!
You feel stronger.
Casting: Sandblast (safe; 1% risk of failure)
Confirm with . or Enter, or press ? or * to list all spells.
Aiming: Sandblast (safe; 1% risk of failure)
Press: ? - help, Shift-Dir - straight line, f - orc
Aim: an orc, wielding a +0 war axe and wearing a +0 ring mail (85% to hit)
The blast of sand hits the orc but does no damage.
The orc barely misses you. The orc hits you with a +0 war axe!
You die...

................#.#...
####..<รท.......#.#...
##...#########.#...
#....##........#... 8..
#.).....########.## ...$
#..#..##.....#..... (..#
#..##.#####..#.#...
#..##..............#.##
...##@.##########..###
#.o#o............###.
######.#)##.#####..#.###.
.).!...()##....##..#.....
#....#####.....#.....#...
##. ####..##...###..
######.## ##.
##.##...###..
#...#...##...


You could see an orc.

Vanquished Creatures
  Grinder (D:3)
  A water moccasin (Sewer)
  An orc warrior (D:4)
  A black bear (D:4)
  2 orc priests (D:4)
  Natasha (thrice) (D:3)
  3 iguanas (D:4)
  3 orc wizards
  4 gnolls (D:2)
  5 adders
  A worm (D:4)
  A dart slug (D:1)
  9 orcs
  3 bats
  6 endoplasms
  A giant cockroach (D:2)
  8 goblins
  A hobgoblin (D:1)
  6 jackals
  7 kobolds
  5 ball pythons
  2 frilled lizards
  4 rats
78 creatures vanquished.

Notes
Turn   | Place    | Note
-------+----------+-------------------------------------------
     0 | D:1      | Nacht the Naga Earth Elementalist began the quest for the
                  | Orb.
     0 | D:1      | Reached XP level 1. HP: 15/15 MP: 3/3
   182 | D:1      | Reached XP level 2. HP: 22/22 MP: 3/5
   577 | D:1      | Reached XP level 3. HP: 28/28 MP: 4/6
  1129 | D:2      | Reached skill level 4 in Stealth
  1289 | D:2      | Reached XP level 4. HP: 13/36 MP: 5/7
  1380 | D:2      | Learned a level 2 spell: Passwall
  1384 | D:2      | Learned a level 3 spell: Stone Arrow
  1657 | D:3      | Noticed Natasha
  1662 | D:3      | Killed Natasha
  1663 | D:3      | Reached skill level 1 in Conjurations
  1663 | D:3      | Reached XP level 5. HP: 42/42 MP: 5/8
  1709 | D:3      | Noticed Natasha
  1717 | D:3      | Killed Natasha
  1718 | D:3      | Reached skill level 5 in Stealth
  1813 | D:3      | Noticed Grinder
  1814 | D:3      | Noticed Natasha
  1815 | D:3      | Reached skill level 5 in Earth Magic
  1929 | D:3      | Killed Grinder
  1930 | D:3      | Reached skill level 6 in Stealth
  1930 | D:3      | Reached XP level 6. HP: 12/49 MP: 1/9
  2220 | D:3      | Killed Natasha
  2454 | D:4      | Noticed a black bear
  2463 | D:4      | Killed a black bear
  2464 | D:4      | Reached skill level 7 in Stealth
  2464 | D:4      | Reached XP level 7. HP: 44/55 MP: 4/10
  2680 | D:4      | Found a shadowy altar of Dithmenos.
  2698 | D:4      | Found a glowing drain.
  2756 | Sewer    | Entered a sewer
  3047 | D:4      | Reached skill level 8 in Stealth
  3302 | D:4      | HP: 1/55 [orc warrior/+0 halberd (11)]
  3304 | D:4      | Reached XP level 8. HP: 3/62 MP: 2/11
  3304 | D:4      | Slain by an orc

Illustrated notes

Levels and vault maps discovered:
D:1:      co_arrival_hall_of_pillars, layout_rooms, minivault_27,
          serial_bayou_lagoon_a, minmay_heptomino_w4
D:2:      layout_loops_ring, nicolae_figureground_sparkle
D:3:      layout_basic, uniq_grinder, uniq_natasha
D:4:      minmay_razor_zed, layout_cave_pools,
          grunt_dithmenos_smoke_and_mirrors, serial_co_window_serial,
          co_window_paths_a, co_window_paths_a, co_window_paths_a,
          co_window_corner_a, co_window_paths_a, co_window_paths_c,
          co_window_2corner, co_window_broadway_c, co_window_corner_b,
          co_window_cross_2, co_window_of_opportunity_c, portal_sewer_entry_d,
          guppyfry_early_orc_mine

Skill      XL: |  1  2  3  4  5  6  7 |
---------------+----------------------+-----
Stealth        | 4 6 7 8 |  8.5
Earth Magic    | 4 5 6 7 |  7.7
Conjurations   | 1 2 |  2.0
Dodging        | |  1.5
Spellcasting   | |  2.0
Transmutations | |  1.0

Action                     |  1- 3 |  4- 6 |  7- 9 || total
---------------------------+-------+-------+-------++-------
  Melee: Dagger            |       |       |     1 ||     1
  Throw: Dart              |       |       |     2 ||     2
   Cast: Sandblast         |    38 |    58 |    46 ||   142
         Stone Arrow       |       |       |     3 ||     3
Ability: Spit Poison       |       |       |     1 ||     1
    Use: Potion            |     1 |       |     2 ||     3
         Scroll            |       |     3 |     3 ||     6
 Armour: Robe              |       |    13 |     3 ||    16
  Dodge: Dodged            |    12 |    22 |    20 ||    54

Table legend: (Time is in decaauts)
 A = Elapsed time spent in this place.
 B = Non-inter-level travel time spent in this place.
 C = Inter-level travel time spent in this place.
 D = Time resting spent in this place.
 E = Time spent auto-exploring this place.
 F = Levels seen in this place.
 G = Mean time per level.
                   A        B        C        D        E       F      G
               +--------+--------+--------+--------+--------+-----+--------+
         Total |   4080 |   4003 |     77 |     48 |   3277 |   5 |  816.0 |
       Dungeon |   3825 |   3748 |     77 |     48 |   3068 |   4 |  956.2 |
         Sewer |    255 |    255 |      0 |      0 |    209 |   1 |  255.0 |
               +--------+--------+--------+--------+--------+-----+--------+

Top non-repeatable levels by time:
     D:3: 1104 daAuts
     D:2: 1050 daAuts
     D:1: 891 daAuts
     D:4: 779 daAuts
   Sewer: 255 daAuts
